Unix NetHack Version 3.7.0-101 Work-in-progress - last build Mar 25 2024 11:18:41 (462964f8eaac915e699fc3a71b43428251fec12b,branch:master). Game began 2024-03-26 13:40:12, ended 2024-03-26 13:48:13. elenmirie, neutral female gnomish Archeologist ---------------- |.......`<.....| |..............| |..............| ------- ---------.------ # +.....| # ## # #### |(....-# 0########0####### # #-....{|# # #### # # #-------# #### ## #### # # # --------------- ### ---|------- # ##### # # |..............######## |.........|# ##### ## ## # |..)).f.@a....| ### |...%.....|###### -|---# ### |)............+##### |.........| |....# #------ |.............| # |..........# |...| #|....| |.............. |.........|## |..(| #|....| --------------- ----------- ########....| #-...>| ----- ------ Elenmirie the Field Worker St:11 Dx:11 Co:13 In:15 Wi:18 Ch:9 Neutral Dlvl:4 $:95 HP:0(31) Pw:15(15) AC:9 Xp:4/86 T:1624 Latest messages: You begin praying to Camaxtli. You are surrounded by a shimmering light. The rothe starts to attack you, but pulls back. Coco drops an arrow. Coco bites the rothe. The rothe is killed! Coco eats a rothe corpse. You finish your prayer. You feel that Camaxtli is well-pleased. You feel much better. You lash the iguana. You lash the iguana. You kill the iguana! You stop. Coco is in the way! You swap places with Coco. Coco misses the acid blob. Coco misses the acid blob. Coco misses the acid blob. Coco bites the acid blob. You lash the rabid rat. The rabid rat bites! Coco misses the acid blob. Coco bites the acid blob. You lash the rabid rat. The rabid rat bites! Coco bites the acid blob. Coco is splashed by the acid blob's acid! You miss the rabid rat. The rabid rat bites! Coco bites the acid blob. The acid blob is killed! You miss the rabid rat. The rabid rat bites! You miss the rabid rat. The rabid rat bites! You lash the rabid rat. The rabid rat bites! You miss the rabid rat. The rabid rat bites! Coco bites the rabid rat. The rabid rat is killed! Coco grows up into a housecat. You stop searching. The giant ant bites! You die... Do you want your possessions identified? [ynq] (y) y Do you want to see your attributes? [ynq] (y) y Do you want an account of creatures vanquished? [ynaq] (y) y Do you want to see your conduct and achievements? [ynq] (y) y Do you want to see the dungeon overview? [ynq] (y) y Inventory: Coins $ - 95 gold pieces Weapons z - 8 uncursed +0 darts (at the ready) r - an uncursed +0 elven dagger a - an uncursed +2 bullwhip (weapon in right hand) Armor c - a blessed +0 fedora (being worn) b - an uncursed +0 leather jacket (being worn) Comestibles d - 6 uncursed food rations Rings v - an uncursed ring of shock resistance Wands u - an uncursed wand of digging (0:7) y - an uncursed wand of teleportation (0:6) Tools w - an uncursed sack containing 6 items s - an uncursed bag of tricks (0:8) e - an uncursed +0 pick-axe (alternate weapon; not wielded) t - an uncursed tinning kit (0:45) x - an uncursed towel Gems/Stones g - an uncursed touchstone Contents of the sack: a blessed scroll of create monster an uncursed scroll of enchant armor a blessed scroll of enchant weapon an uncursed scroll of gold detection an uncursed scroll of magic mapping an uncursed potion of healing Elenmirie the Archeologist's attributes: Background: You were a Field Worker, a level 4 female gnomish Archeologist. You were neutral, on a mission for Camaxtli who was opposed by Quetzalcoatl (lawful) and Huhetotl (chaotic). You were right-handed. You were in the Dungeons of Doom, on level 4. You entered the dungeon 1624 turns ago. There was a full moon in effect when your adventure ended. You had 86 experience points, 74 more were needed to attain level 5. Basics: You had 0 out of 31 hit points. You had all 15 energy points (spell power). Your armor class was 9. Your wallet contained 95 zorkmids. Autopickup was on for '$' plus thrown. Final Characteristics: Your strength was 11 (limit:18/50). Your dexterity was 11 (limit:18). Your constitution was 13 (limit:18). Your intelligence was 15 (limit:19). Your wisdom was 18 (limit:18). Your charisma was 9 (limit:18). Final Status: You weren't hungry. You were unencumbered. You were wielding a whip. You had basic skill with whip. Final Attributes: You were devoutly aligned. You were poison resistant. You were telepathic. You had automatic searching. You had infravision. You were lucky. You are dead. Miscellaneous: You never encountered a bones level. Total elapsed playing time was 8 minutes. Major events: Turn 1: elenmirie the neutral female gnomish Archeologist entered the dungeon 1186: attained the rank of Field Worker (level 3) 1624: killed by a giant ant Vanquished creatures: a floating eye a rothe a rabid rat a werejackal 3 iguanas an acid blob a hobbit a cave spider a green mold a gnome 6 jackals 2 foxes 2 goblins a sewer rat a grid bug 2 bats 6 lichens 2 kobold zombies 4 newts 38 creatures vanquished. No species were genocided or became extinct. Voluntary challenges: You were illiterate. You never engraved Elbereth. You never genocided any monsters. You never polymorphed an object. You never changed form. You used no wishes. Achievement: You attained the rank of Field Worker. The Dungeons of Doom: levels 1 to 4 Level 1: An altar to Camaxtli, a fountain. Level 2: A fountain. Level 3: A fountain. Level 4: <- You were here. A fountain. Final resting place for you, killed by a giant ant. Game over: ---------- / \ / REST \ / IN \ / PEACE \ / \ | elenmirie | | 95 Au | | killed by a | | giant ant | | | | | | 2024 | *| * * * | * _________)/\\_//(\/(/\)/\//\/|_)_______ Goodbye elenmirie the Archeologist... You died in The Dungeons of Doom on dungeon level 4 with 590 points, and 95 pieces of gold, after 1624 moves. You were level 4 with a maximum of 31 hit points when you died.